 Dungeon Crawl Stone Soup version 0.31-a0-229-g1fc7ce9 (webtiles) character file.

Game seed: 3489421881856840683

101 Dawnplanks the Gusty (level 4, -4/24 HPs)
             Began as a Tengu Air Elementalist on July 6, 2023.
             Slain by Pargi (6 damage)
             ... while paralysed by Grinder
             ... on level 3 of the Dungeon.
             The game lasted 00:02:04 (2096 turns).

Dawnplanks the Gusty (Tengu Air Elementalist)       Turns: 2096, Time: 00:02:05

Health: -4/24      AC:  2    Str:  8    XL:     4   Next: 75%
Magic:  8/8        EV:  2    Int: 17    God:
Gold:   53         SH:  0    Dex: 15    Spells: 7/8 levels left

rFire   . . .        f - +2 dagger (speed)
rCold   . . .        (no shield)
rNeg    . . .        a - +0 robe
rPois   .            (helmet restricted)
rElec   .            (no cloak)
rCorr   .            (no gloves)
SInv    .            (boots unavailable)
Will    .....        (no amulet)
Stlth   ++           (no ring)
HPRegen 0.24/turn    (no ring)
MPRegen 0.11/turn

%: no passive effects
@: paralysed
A: beak, talons 3
a: no special abilities


You were on level 3 of the Dungeon.
You visited 1 branch of the dungeon, and saw 3 of its levels.

You collected 53 gold pieces.

Inventory:

Hand Weapons
 d - a +0 dagger
 f - a +2 dagger of speed (weapon)
Armour
 a - a +0 robe (worn)
Scrolls
 c - 7 scrolls of identify {unknown}
 h - a scroll of immolation {unknown}
 i - a scroll of enchant armour {unknown}
 j - a scroll of revelation {unknown}
Potions
 b - a potion of magic
 e - a potion of brilliance {unknown}
 g - a potion of berserk rage {unknown}


   Skills:
 + Level 0.2 Fighting
 + Level 0.4 Short Blades
 + Level 2.8 Dodging
 + Level 2.3 Stealth
 + Level 2.6 Spellcasting
 + Level 2.6 Conjurations
 + Level 5.3 Air Magic


You had 7 spell levels left.
You knew the following spells:

 Your Spells              Type           Power      Damage    Failure   Level
a - Shock                 Conj/Air       60%        1d6       3%          1

Your spell library contained the following spells:

 Spells                   Type           Power      Damage    Failure   Level
 Static Discharge         Conj/Air       30%        2-4/arc   5%          2
 Swiftness                Air            20%        N/A       6%          3
 Airstrike                Air            10%        2d(2-18)  21%         4


Dungeon Overview and Level Annotations

Branches:
Dungeon (3/15)

Altars:

Annotations:
D:1 1 runed translucent door
D:3 Grinder, Pargi


Innate Abilities, Weirdness & Mutations

You have a beak for a mouth.
You have claws for feet.


Message History

Found a stone staircase leading down.
A goblin comes into view. It is wielding a +0 club.
The zap hits the goblin.
You kill the goblin!
You can't see any susceptible monsters within range! (Use Z to cast anyway.) Magic restored.
Grinder comes into view.
Grinder shouts!
You hear a shout! x2; You hear an angry hiss.
A bat comes into view.
The zap hits Grinder.
Grinder is lightly wounded.
Grinder blinks!
You barely miss Grinder. You peck Grinder, but do no damage.
Grinder is lightly wounded.
The bat completely misses you.
You hit Grinder but do no damage.
Grinder is lightly wounded.
The bat hits you. Grinder misses you.
You closely miss Grinder.
Grinder is lightly wounded.
Grinder closely misses you.
You barely miss Grinder.
Grinder is lightly wounded.
The bat hits you but does no damage.
You closely miss Grinder.
Grinder is lightly wounded.
Pargi the Meek comes into view.
Grinder gestures at you.
You suddenly lose the ability to move!
Grinder barely misses you. The bat hits you but does no damage. x2
The bat barely misses you. The bat hits you. Grinder hits you.
You writhe in agony.
The bat hits you but does no damage. Grinder hits you! The bat hits you.
Pargi bites you!
* * * LOW HITPOINT WARNING * * *
Pargi claws you but does no damage. x2; Grinder blinks!
The bat hits you.
* * * LOW HITPOINT WARNING * * *
Pargi bites you.
You die...

...... ....#
#..#
###.###..##
........<######
#.###........#
#.. #..#####.#
#..#..# #.T@##
##.ยง.# ....b..
###..)....
..>.####.#
5....# # .#.#..
###. .#


You could see Grinder, Pargi and a bat.

Vanquished Creatures
  3 adders (D:2)
  3 gnolls (D:2)
  A worm (D:2)
  A dart slug (D:1)
  2 ball pythons
  4 bats
  3 endoplasms (D:1)
  2 giant cockroaches
  A hobgoblin (D:1)
  4 kobolds
  A quokka (D:1)
  3 frilled lizards
  8 goblins
  7 rats
43 creatures vanquished.

Notes
Turn   | Place    | Note
-------+----------+-------------------------------------------
     0 | D:1      | Dawnplanks the Tengu Air Elementalist began the quest for
                  | the Orb.
     0 | D:1      | Reached XP level 1. HP: 10/10 MP: 4/4
     0 | D:1      | Noticed a jelly
     1 | D:1      | Found a runed translucent door.
   292 | D:1      | Reached XP level 2. HP: 15/15 MP: 4/6
   672 | D:1      | Reached XP level 3. HP: 19/19 MP: 4/7
   712 | D:1      | Found a faded altar of an unknown god.
  1079 | D:2      | Reached skill level 5 in Air Magic
  1296 | D:2      | Reached XP level 4. HP: 24/24 MP: 3/8
  2085 | D:3      | Noticed Grinder
  2091 | D:3      | Noticed Pargi
  2091 | D:3      | Paralysed by Grinder for 5 turns
  2096 | D:3      | Slain by Pargi

Illustrated notes

Levels and vault maps discovered:
D:1:      dpeg_arrival_caged_fury, layout_basic,
          dreamdust_ecumenical_altar_grove
D:2:      layout_basic, serial_bayou_pond_c, serial_bayou_crossing
D:3:      layout_rooms, gammafunk_ghost_icy, uniq_ijyb, uniq_grinder,
          uniq_jessica, uniq_pargi

Skill      XL: |  1  2  3 |
---------------+----------+-----
Air Magic      | 5 |  5.3
Conjurations   | 2 |  2.6
Fighting       | |  0.2
Short Blades   | |  0.4
Dodging        | |  2.8
Stealth        | |  2.3
Spellcasting   | |  2.6

Action                     |  1- 3 |  4- 6 || total
---------------------------+-------+-------++-------
  Melee: Unarmed           |    13 |       ||    13
         Peck              |     5 |     1 ||     6
         Kick              |     3 |     1 ||     4
         Dagger            |    10 |     8 ||    18
   Cast: Shock             |    61 |    22 ||    83
 Armour: Robe              |    17 |     8 ||    25
  Dodge: Dodged            |    33 |    12 ||    45

Table legend: (Time is in decaauts)
 A = Elapsed time spent in this place.
 B = Non-inter-level travel time spent in this place.
 C = Inter-level travel time spent in this place.
 D = Time resting spent in this place.
 E = Time spent auto-exploring this place.
 F = Levels seen in this place.
 G = Mean time per level.
                   A        B        C        D        E       F      G
               +--------+--------+--------+--------+--------+-----+--------+
         Total |   2101 |   2072 |     29 |      0 |   1862 |   3 |  700.3 |
       Dungeon |   2101 |   2072 |     29 |      0 |   1862 |   3 |  700.3 |
               +--------+--------+--------+--------+--------+-----+--------+

Top non-repeatable levels by time:
     D:1: 1049 daAuts
     D:2: 1028 daAuts
     D:3: 23 daAuts
